 Dungeon Crawl Stone Soup version 0.28-a0-124-g73ec313a74 (webtiles) character file.

Game seed: 4655560437984648617

5 Ezendos the Sneak (level 1, 1/18 HPs)
             Began as a Naga Enchanter on Aug 14, 2021.
             Quit the game on level 1 of the Dungeon.
             The game lasted 00:00:44 (168 turns).

Ezendos the Sneak (Naga Enchanter)                   Turns: 168, Time: 00:00:45

Health: 1/18       AC:  1    Str: 10    XL:     1   Next: 80%
Magic:  3/3        EV:  9    Int: 15    God:
Gold:   24         SH:  0    Dex: 11    Spells: 3/4 levels left

rFire   . . .      SeeInvis +   c - +0 dagger (venom)
rCold   . . .      Faith    .   (no shield)
rNeg    . . .      Spirit   .   b - +0 robe
rPois   +          Reflect  .   (no helmet)
rElec   .          Harm     .   (no cloak)
rCorr   .          Rampage  .   (no gloves)
Will    .....                   (no barding)
Stlth   ++........              (no amulet)
HPRegen 0.06/turn               (no ring)
MPRegen 0.08/turn               (no ring)

@: very slow
A: AC +0, large, see invisible, deformed body, poison resistance, slowness 2,
spit poison 1, naga tail 1
a: Spit Poison


You were on level 1 of the Dungeon.
You visited 1 branch of the dungeon, and saw 1 of its levels.

You collected 24 gold pieces.

Inventory:

Hand Weapons
 a - a +1 dagger
 c - a +0 dagger of venom (weapon)
Armour
 b - a +0 robe (worn)


   Skills:
 + Level 1.3 Fighting
 - Level 1.0 Short Blades
 - Level 1.5 Dodging
 - Level 4.4 Stealth
 - Level 2.0 Spellcasting
 - Level 3.0 Hexes


You had 3 spell levels left.
You knew the following spells:

 Your Spells              Type           Power      Damage    Failure   Level
a - Corona                Hex            11%        N/A       6%          1

Your spell library contained the following spells:

 Spells                   Type           Power      Damage    Failure   Level
 Ensorcelled Hibernation  Hex/Ice        12%        N/A       19%         2
 Confusing Touch          Hex            10%        N/A       19%         3
 Tukima's Dance           Hex            10%        N/A       19%         3
 Dazzling Flash           Conj/Hex       12%        N/A       34%         3
 Portal Projectile        Hex/Tloc       12%        N/A       34%         3
 Call Canine Familiar     Summ           1%         N/A       54%         3
 Leda's Liquefaction      Hex/Erth       3%         N/A       75%         4


Dungeon Overview and Level Annotations

Branches:
Dungeon (1/15)

Altars:


Innate Abilities, Weirdness & Mutations

Your serpentine skin is tough. (AC +0)
You have supernaturally acute eyesight. (SInv)
Armour fits poorly on your strangely shaped body.
Your system is resistant to poisons. (rPois)
You cover ground very slowly.
You can spit poison.
You have a snake-like lower body.


Message History

The hobgoblin shouts!
You hear a shout!
A bat comes into view.
You hear a shout!
You hear an angry hiss. 2 jackals, an endoplasm and a goblin come into view.
A quokka comes into view.
The quokka moves out of view.
Found a robe.
Abil: Spit Poison
Press: ? - help, Q - select action, (/) - cycle Shift-Dir - straight line, f - hobgoblin
Aim: a hobgoblin The splash of poison hits the hobgoblin.
The hobgoblin is poisoned.
The hobgoblin is almost dead.
You kill the hobgoblin!
Your Fighting skill increases to level 1!
You closely miss the jackal. The jackal bites you. x2
You barely miss the jackal. The jackal barely misses you.
You hit the jackal.
The jackal is poisoned.
The jackal is lightly wounded.
The jackal bites you. The goblin hits you with a +0 club. The jackal bites you.
You closely miss the jackal.
The jackal is severely wounded.
You have got your breath back.
The jackal completely misses you. The goblin closely misses you.
You barely miss the jackal.
The jackal is severely wounded.
The jackal bites you.
A hobgoblin comes into view.
The goblin barely misses you.
You hit the jackal.
You kill the jackal!
The goblin hits you with a +0 club.
* * * LOW HITPOINT WARNING * * *
You barely miss the goblin. The goblin closely misses you.
You aren't carrying any scrolls.
The bat hits you but does no damage. The bat closely misses you.
The jackal bites you.
* * * LOW HITPOINT WARNING * * *
The jackal barely misses you.
Are you sure you want to abandon this character and quit the game? (Confirm with "yes".)

.. ######### .... ........
.... ######...#.# #... #
#...##...#.##..# .
..####...##...#....# J.
.................## #...
................$.#.g.#
####.......@gb†#...###
###.>##...hg.......#
#.)..#####...........
#.#..# #.........##
#######.###########......#
#.......#.......#
.........
#.#############.#
#.......# #..P#... #.#
#..##....
#.#.#.#########.# .[.#
....


You could see a jackal, a hobgoblin, a goblin and a bat.

Vanquished Creatures
  A giant cockroach (D:1)
  A goblin (D:1)
  A hobgoblin (D:1)
  A jackal (D:1)
4 creatures vanquished.

Notes
Turn   | Place    | Note
-------+----------+-------------------------------------------
     0 | D:1      | Ezendos the Naga Enchanter began the quest for the Orb.
     0 | D:1      | Reached XP level 1. HP: 15/15 MP: 3/3
   159 | D:1      | Reached skill level 1 in Fighting
   168 | D:1      | Quit the game

Illustrated notes

Levels and vault maps discovered:
D:1:      onia_arrival_mini_maze, layout_rooms, feat_on_display

Skill      XL: |  1 |
---------------+----+-----
Fighting       | 1 |  1.3
Short Blades   | |  1.0
Dodging        | |  1.5
Stealth        | |  4.4
Spellcasting   | |  2.0
Hexes          | |  3.0

Action                   || total
-------------------------++-------
Melee: Dagger            ||    14
 Cast: Corona            ||     1
 Abil: Spit Poison       ||     3
Armor: Robe              ||     2
Dodge: Dodged            ||     9

Table legend: (Time is in decaauts)
 A = Elapsed time spent in this place.
 B = Non-inter-level travel time spent in this place.
 C = Inter-level travel time spent in this place.
 D = Time resting spent in this place.
 E = Time spent auto-exploring this place.
 F = Levels seen in this place.
 G = Mean time per level.
                   A        B        C        D        E       F      G
               +--------+--------+--------+--------+--------+-----+--------+
         Total |    202 |    202 |      0 |      0 |    144 |   1 |  202.0 |
       Dungeon |    202 |    202 |      0 |      0 |    144 |   1 |  202.0 |
               +--------+--------+--------+--------+--------+-----+--------+

Top non-repeatable levels by time:
     D:1: 202 daAuts
